Oilers vs Panthers

Created - 24 décembre 2020 at 09:50

Goals
1 2 3 T
Oilers 1 1 1 3
Panthers 1 3 1 5
Shots
1 2 3 T
Oilers 9 19 10 38
Panthers 6 19 13 38

1st period

1. Panthers , Travis Zajac 4 (Taylor Hall 8, Nikita Gusev 8) at 3:39
2. Oilers , Sonny Milano 9 (Nico Hischier 11, Bobby Ryan 8) at 13:57

Penalties :
Marcus Foligno (FLA) for Fighting (Major) at 3:42, Brenden Dillon (EDM) for Fighting (Major) at 3:42, Connor McDavid (EDM) for Tripping (Minor) at 9:31, Travis Zajac (FLA) for High sticking (Minor) at 14:00

2nd period

3. Panthers , Jacob de La Rose 3 (Rocco Grimaldi 5, Matt Moulson 5) at 3:37
4. Panthers , Travis Zajac 5 (Nikita Gusev 9, Taylor Hall 9) at 5:43
5. Panthers , Taylor Hall 8 (Travis Zajac 5) at 6:08 (PP)
6. Oilers , Tyler Motte 2 (Brandon Montour 3) at 17:33 (SH)

Penalties :
Brenden Dillon (EDM) for Boarding (Minor) at 6:02, Brenden Dillon (EDM) for Tripping (Minor) at 10:07, Kyle Okposo (EDM) for Hooking (Minor) at 17:01

3rd period

7. Panthers , Nikita Gusev 9 (Taylor Hall 10, Travis Zajac 6) at 8:14 (PP)
8. Oilers , Evgeni Dadonov 5 (Connor McDavid 5) at 14:32

Penalties :
Brenden Dillon (EDM) for Hooking (Minor) at 8:05

Goalie Stats

Thomas Greiss (EDM), 9 saves from 13 shots - (0,692), L, 3-4-0, 26:08 minutes
Kaapo Kahkonen (EDM), 24 saves from 25 shots - (0,960), 33:52 minutes
Pekka Rinne (FLA), 35 saves from 38 shots - (0,921), W, 7-5-4, 60:00 minutes

Players Stats for Oilers

Player Name              G  A  P  +/- PIM S  H  SB GA TA FO     MP     PP MP  PK MP  
------------------------------------------------------------------------------------
Adam Erne                0  0  0   0  0   0  1  0  0  0  1/1    14:38   0:00   3:09 
Bobby Ryan               0  1  1   0  0   3  1  0  1  0  0/0    15:43   0:52   0:00 
Brandon Montour          0  1  1  -2  0   4  2  1  0  1  0/0    25:12   1:06   3:35 
Brendan Smith            0  0  0  -2  0   1  3  2  0  0  0/0    23:35   0:00   3:26 
Brenden Dillon           0  0  0   2  11  2  1  1  0  0  0/0    18:21   0:00   1:35 
Christian Djoos          0  0  0   0  0   0  1  0  0  2  0/0    18:00   0:53   1:13 
Connor McDavid           0  1  1   0  2   1  3  0  1  1  3/14   16:05   1:07   0:00 
Evgeni Dadonov           1  0  1   0  0   5  0  0  0  0  0/1    16:05   1:07   0:00 
Jordan Nolan             0  0  0  -1  0   1  2  0  0  0  0/0    10:23   0:09   0:00 
Jordan Oesterle          0  0  0   1  0   1  0  1  0  0  0/0    12:45   0:53   2:35 
Kevin Shattenkirk        0  0  0   1  0   4  6  0  0  0  0/0    22:11   1:06   0:00 
Kyle Okposo              0  0  0   0  2   0  1  0  1  1  1/2    16:04   0:58   0:00 
Nathan Gerbe             0  0  0  -1  0   1  0  0  0  0  0/1    10:08   0:00   0:00 
Nico Hischier            0  1  1   0  0   7  2  1  1  0  13/25  15:43   0:52   0:00 
Sam Gagner               0  0  0   0  0   0  3  1  1  0  3/10   14:38   0:00   3:09 
Sonny Milano             1  0  1   0  0   4  3  0  3  0  0/1    15:43   0:52   0:00 
Tomas Nosek              0  0  0   0  0   1  0  0  1  0  3/8    13:34   0:00   3:03 
Tyler Motte              1  0  1   1  0   3  1  0  0  0  0/1    14:54   0:00   3:03 

Players Stats for Panthers

Player Name              G  A  P  +/- PIM S  H  SB GA TA FO     MP     PP MP  PK MP  
------------------------------------------------------------------------------------
Garnet Hathaway          0  0  0   0  0   3  2  0  0  0  0/0    12:44   0:00   0:00 
Greg Pateryn             0  0  0   1  0   1  0  3  0  1  0/0    20:09   2:44   0:43 
Jacob de La Rose         1  0  1   1  0   3  0  0  0  0  2/4     8:53   0:00   0:50 
Jamie Oleksiak           0  0  0   0  0   0  1  0  0  0  0/0    13:58   0:00   0:08 
Jonas Siegenthaler       0  0  0   1  0   1  2  1  0  2  0/0    22:00   2:44   0:43 
Josh Archibald           0  0  0   0  0   3  0  0  1  0  0/0    12:55   0:11   0:00 
Josh Norris              0  0  0   0  0   4  2  0  0  1  2/6    13:42   0:00   0:45 
Marcus Foligno           0  0  0  -2  5   0  1  0  0  1  0/0    13:38   1:52   0:00 
Mats Zuccarello          0  0  0  -2  0   1  1  0  2  0  0/0    15:48   1:41   0:03 
Matt Moulson             0  1  1   1  0   1  1  0  0  0  0/0     9:02   0:11   0:00 
Nikita Gusev             1  2  3   1  0   4  0  4  0  0  0/0    22:47   4:20   0:33 
Patrik Nemeth            0  0  0  -1  0   1  3  4  0  1  0/0    23:56   3:28   1:08 
Rocco Grimaldi           0  1  1   1  0   1  0  0  0  0  0/0     8:41   0:00   0:42 
Taylor Hall              1  3  4   1  0   7  2  2  1  1  0/2    22:32   4:20   1:02 
Travis Zajac             2  2  4   1  2   2  0  1  0  0  25/35  21:29   4:20   0:00 
Trevor Daley             0  0  0   0  0   0  0  0  0  1  0/0    14:06   0:00   0:08 
Tyson Barrie             0  0  0  -1  0   3  0  1  1  1  0/0    25:51   3:28   1:08 
Vincent Trocheck         0  0  0  -2  0   3  2  1  0  0  11/17  15:48   1:41   0:03 

3 Stars

1 - Taylor Hall (FLA)
2 - Travis Zajac (FLA)
3 - Nikita Gusev (FLA)

Power Play

Oilers - 0 on 1 Attempt(s) - 0,00%
Panthers - 2 on 5 Attempt(s) - 40,00%

Penalty Kill

Oilers - 3 on 5 Attempt(s) - 60,00% - Score 1 goal in Penalty Kill
Panthers - 1 on 1 Attempt(s) - 100,00% - Score 0 goal in Penalty Kill

Team Stat

Oilers - Hits : 30 - Faceoff Wins : 24 - Blocked Shots : 7 - Penalty Minutes : 15
Panthers - Hits : 17 - Faceoff Wins : 40 - Blocked Shots : 17 - Penalty Minutes : 7

Official

Referees : Andrew Wilk and Tom Chmielewski
Linesman : David Brisebois and Bryan Pancich

Game Notes

Marcus Foligno beats up Brenden Dillon at 3:42 of 1st period
Kaapo Kahkonen enters game at 6:08 of 2nd period
Jordan Oesterle is injured at 18:06 of 2nd period (Broken Bone (Right Leg))

Finance

Level 1 -- Attendance: 4575 (76,25%) -- Ticket Income 457 500 $
Level 2 -- Attendance: 4939 (98,78%) -- Ticket Income 296 340 $
Level 3 -- Attendance: 2000 (100,00%) -- Ticket Income 70 000 $
Level 4 -- Attendance: 3751 (93,78%) -- Ticket Income 75 020 $
Luxury Box -- Attendance: 751 (75,10%) -- Ticket Income 150 200 $
Game was played at the Sunrise Arena.
Total Attendance: 16016 (88,98%)
Total Ticket Income: 1 049 060 $
Other Income: 514 039 $
Total Income: 1 563 099 $

Oilers

5 vs 5 Forward 
   Center                   Left Wing                Right Wing               Time % Phy DF OF 
 1 Connor McDavid           Evgeni Dadonov           Kyle Okposo              30     1   2  2  
 2 Nico Hischier            Sonny Milano             Bobby Ryan               30     1   2  2  
 3 Sam Gagner               Tyler Motte              Adam Erne                20     1   2  2  
 4 Tomas Nosek              Nathan Gerbe             Jordan Nolan             20     1   2  2  

5 vs 5 Defense 
   Defense                  Defense                                           Time % Phy DF OF 
 1 Kevin Shattenkirk        Brenden Dillon                                    35     1   2  2  
 2 Brandon Montour          Brendan Smith                                     35     1   2  2  
 3 Jordan Oesterle          Christian Djoos                                   30     1   2  2  
 4 Brenden Dillon           Kevin Shattenkirk                                 0      1   2  2  

PowerPlay Forward 
   Center                   Left Wing                Right Wing               Time % Phy DF OF 
 1 Connor McDavid           Evgeni Dadonov           Kyle Okposo              50     1   2  2  
 2 Nico Hischier            Bobby Ryan               Sonny Milano             50     1   2  2  

PowerPlay Defense
   Defense                  Defense                                           Time % Phy DF OF 
 1 Kevin Shattenkirk        Brandon Montour                                   50     1   2  2  
 2 Jordan Oesterle          Christian Djoos                                   50     1   2  2  

Penalty Kill 4 Players Forward 
   Center                   Wing                     Time % Phy DF OF 
 1 Tomas Nosek              Tyler Motte              50     1   2  2  
 2 Sam Gagner               Adam Erne                50     1   2  2  

Penalty Kill 4 Players Defense
   Defense                  Defense                  Time % Phy DF OF 
 1 Brenden Dillon           Jordan Oesterle          50     1   2  2  
 2 Brendan Smith            Brandon Montour          50     1   2  2  

Penalty Kill - 3 Players Forward 
   Forward                                           Time % Phy DF OF 
 1 Tomas Nosek                                       50     1   2  2  
 2 Nico Hischier                                     50     1   2  2  

Penalty Kill - 3 Players Defense
   Defense                  Defense                  Time % Phy DF OF 
 1 Brenden Dillon           Brendan Smith            50     1   2  2  
 2 Jordan Oesterle          Brandon Montour          50     1   2  2  

4 vs 4 Forward 
   Center                   Wing                     Time % Phy DF OF 
 1 Connor McDavid           Evgeni Dadonov           50     1   2  2  
 2 Nico Hischier            Kyle Okposo              50     1   2  2  

4 vs 4 Defense
   Defense                  Defense                  Time % Phy DF OF 
 1 Kevin Shattenkirk        Brenden Dillon           50     1   2  2  
 2 Brendan Smith            Brandon Montour          50     1   2  2  

Last Minutes Offensive
   Center                   Left Wing                Right Wing               Defense                  Defense                  
   Connor McDavid           Evgeni Dadonov           Kyle Okposo              Kevin Shattenkirk        Brandon Montour          

Last Minutes Defensive
   Center                   Left Wing                Right Wing               Defense                  Defense                  
   Connor McDavid           Evgeni Dadonov           Kyle Okposo              Kevin Shattenkirk        Brandon Montour          

Goaltenders
Starting : Thomas Greiss            
Backup : Kaapo Kahkonen           

Extra Forwards
Normal : Jordan Nolan, Tyler Motte, Sonny Milano - PP : Jordan Nolan, Tyler Motte - PK : Sonny Milano
Extra Defensemen
Normal : Brandon Montour, Kevin Shattenkirk, Brenden Dillon - PP : Kevin Shattenkirk - PK : Jordan Oesterle, Christian Djoos
Penalty Shots
Connor McDavid, Nico Hischier, Evgeni Dadonov, Kyle Okposo, Bobby Ryan
Custom OT Lines Forwards
Connor McDavid, Nico Hischier, Evgeni Dadonov, Kyle Okposo, Bobby Ryan, Tyler Motte, Sam Gagner, Sonny Milano, Tomas Nosek, Nathan Gerbe
Custom OT Lines Defensemen
Kevin Shattenkirk, Brandon Montour, Jordan Oesterle, Christian Djoos, Brenden Dillon

Scratches
Dennis Gilbert (Healthy), Ben Street (Healthy), Ryan Miller (Healthy)

Panthers

5 vs 5 Forward 
   Center                   Left Wing                Right Wing               Time % Phy DF OF 
 1 Travis Zajac             Taylor Hall              Nikita Gusev             38     1   2  2  
 2 Vincent Trocheck         Marcus Foligno           Mats Zuccarello          30     1   2  2  
 3 Josh Norris              Josh Archibald           Garnet Hathaway          22     1   2  2  
 4 Jacob de La Rose         Rocco Grimaldi           Matt Moulson             10     1   2  2  

5 vs 5 Defense 
   Defense                  Defense                                           Time % Phy DF OF 
 1 Patrik Nemeth            Tyson Barrie                                      38     1   2  2  
 2 Jonas Siegenthaler       Greg Pateryn                                      32     1   2  2  
 3 Jamie Oleksiak           Trevor Daley                                      22     1   2  2  
 4 Jonas Siegenthaler       Tyson Barrie                                      8      1   2  2  

PowerPlay Forward 
   Center                   Left Wing                Right Wing               Time % Phy DF OF 
 1 Travis Zajac             Taylor Hall              Nikita Gusev             60     1   2  2  
 2 Vincent Trocheck         Marcus Foligno           Mats Zuccarello          40     1   2  2  

PowerPlay Defense
   Defense                  Defense                                           Time % Phy DF OF 
 1 Patrik Nemeth            Tyson Barrie                                      60     1   2  2  
 2 Jonas Siegenthaler       Greg Pateryn                                      40     1   2  2  

Penalty Kill 4 Players Forward 
   Center                   Wing                     Time % Phy DF OF 
 1 Travis Zajac             Taylor Hall              60     1   2  2  
 2 Vincent Trocheck         Mats Zuccarello          40     1   2  2  

Penalty Kill 4 Players Defense
   Defense                  Defense                  Time % Phy DF OF 
 1 Patrik Nemeth            Tyson Barrie             60     1   2  2  
 2 Jonas Siegenthaler       Greg Pateryn             40     1   2  2  

Penalty Kill - 3 Players Forward 
   Forward                                           Time % Phy DF OF 
 1 Travis Zajac                                      60     1   2  2  
 2 Vincent Trocheck                                  40     1   2  2  

Penalty Kill - 3 Players Defense
   Defense                  Defense                  Time % Phy DF OF 
 1 Patrik Nemeth            Tyson Barrie             60     1   2  2  
 2 Jonas Siegenthaler       Greg Pateryn             40     1   2  2  

4 vs 4 Forward 
   Center                   Wing                     Time % Phy DF OF 
 1 Travis Zajac             Taylor Hall              60     1   2  2  
 2 Vincent Trocheck         Mats Zuccarello          40     1   2  2  

4 vs 4 Defense
   Defense                  Defense                  Time % Phy DF OF 
 1 Patrik Nemeth            Tyson Barrie             60     1   2  2  
 2 Jonas Siegenthaler       Greg Pateryn             40     1   2  2  

Last Minutes Offensive
   Center                   Left Wing                Right Wing               Defense                  Defense                  
   Travis Zajac             Taylor Hall              Vincent Trocheck         Patrik Nemeth            Tyson Barrie             

Last Minutes Defensive
   Center                   Left Wing                Right Wing               Defense                  Defense                  
   Travis Zajac             Marcus Foligno           Matt Moulson             Patrik Nemeth            Tyson Barrie             

Goaltenders
Starting : Pekka Rinne              
Backup : Antti Raanta             

Extra Forwards
Normal : Nikita Gusev, Matt Moulson, Josh Norris - PP : Josh Archibald, Matt Moulson - PK : Josh Norris
Extra Defensemen
Normal : Jamie Oleksiak, Trevor Daley, Jonas Siegenthaler - PP : Jamie Oleksiak - PK : Trevor Daley, Jonas Siegenthaler
Penalty Shots
Taylor Hall, Vincent Trocheck, Mats Zuccarello, Marcus Foligno, Nikita Gusev
Custom OT Lines Forwards
Taylor Hall, Travis Zajac, Mats Zuccarello, Vincent Trocheck, Marcus Foligno, Nikita Gusev, Matt Moulson, Josh Norris, Garnet Hathaway, Rocco Grimaldi
Custom OT Lines Defensemen
Patrik Nemeth, Tyson Barrie, Jonas Siegenthaler, Greg Pateryn, Jamie Oleksiak

Scratches
Nathan Beaulieu (Strained Right Elbow Injury), Aaron Dell (Healthy), Marcus Hogberg (Healthy)

% Time on Ice - Oilers

Lines # - Real PCT - Wanted PCT - Time Play
Normal Forward
1 - 30% - 30% - 15:21
2 - 29% - 30% - 14:52
3 - 22% - 20% - 11:28
4 - 20% - 20% - 10:08
Normal Defense
1 - 33% - 35% - 17:08
2 - 35% - 35% - 18:19
3 - 32% - 30% - 16:22
4 - 0% - 0% - 0:00
PP Forward
1 - 56% - 50% - 1:07
2 - 44% - 50% - 0:52
PP Defense
1 - 55% - 50% - 1:06
2 - 45% - 50% - 0:53
PK Forward
1 - 49% - 50% - 3:03
2 - 51% - 50% - 3:09
PK Defense
1 - 45% - 50% - 2:46
2 - 55% - 50% - 3:26
PK3 Forward
1 - 0% - 50%
2 - 0% - 50%
PK3 Defense
1 - 0% - 50%
2 - 0% - 50%
44 Forward
1 - 0% - 50%
2 - 0% - 50%
44 Defense
1 - 0% - 50%
2 - 0% - 50%
Last Minute Offensive  - 0:00
Last Minute Defensive  - 0:00
Total
Forward - 60:00
Defense - 60:00

% Time on Ice - Panthers

Lines # - Real PCT - Wanted PCT - Time Play
Normal Forward
1 - 33% - 38% - 17:11
2 - 27% - 30% - 14:04
3 - 25% - 22% - 12:44
4 - 15% - 10% - 7:50
Normal Defense
1 - 38% - 38% - 19:55
2 - 32% - 32% - 16:42
3 - 26% - 22% - 13:15
4 - 4% - 8% - 1:57
PP Forward
1 - 70% - 60% - 4:20
2 - 30% - 40% - 1:52
PP Defense
1 - 56% - 60% - 3:28
2 - 44% - 40% - 2:44
PK Forward
1 - 97% - 60% - 1:56
2 - 3% - 40% - 0:03
PK Defense
1 - 64% - 60% - 1:16
2 - 36% - 40% - 0:43
PK3 Forward
1 - 0% - 60%
2 - 0% - 40%
PK3 Defense
1 - 0% - 60%
2 - 0% - 40%
44 Forward
1 - 0% - 60%
2 - 0% - 40%
44 Defense
1 - 0% - 60%
2 - 0% - 40%
Last Minute Offensive  - 0:00
Last Minute Defensive  - 0:00
Total
Forward - 60:00
Defense - 60:00

Play-by-Play

1st period


0:01 of 1st period - Connor McDavid wins face-off versus Travis Zajac in neutral zone.
0:14 of 1st period - Kyle Okposo is hit by Patrik Nemeth and loses puck.
1:15 of 1st period - Slapshot by Tomas Nosek.
1:15 of 1st period - Stopped by Pekka Rinne without a rebound.
1:16 of 1st period - Nico Hischier wins face-off versus Travis Zajac in Panthers zone.
1:48 of 1st period - Snap shot by Evgeni Dadonov.
1:48 of 1st period - Shot Hit the Post.
2:14 of 1st period - Icing by Trevor Daley.
2:15 of 1st period - Josh Norris wins face-off versus Sam Gagner in Panthers zone.
2:19 of 1st period - Off-side.
2:20 of 1st period - Travis Zajac wins face-off versus Sam Gagner in neutral zone.
2:31 of 1st period - Nikita Gusev is hit by Brendan Smith and loses puck.
3:08 of 1st period - Snap shot by Nikita Gusev.
3:08 of 1st period - Shot Blocked by Brendan Smith.
3:10 of 1st period - Slapshot by Tyson Barrie.
3:10 of 1st period - Shot Misses the Net.
3:35 of 1st period - Wrist shot by Taylor Hall.
3:35 of 1st period - Shot Misses the Net.
3:37 of 1st period - Wrist shot by Travis Zajac.
3:37 of 1st period - Shot Misses the Net.
3:39 of 1st period - Snap shot by Travis Zajac.
3:39 of 1st period - Goal by Travis Zajac - Oilers : 0 - Panthers : 1.
3:40 of 1st period - Vincent Trocheck wins face-off versus Nico Hischier in neutral zone.
3:42 of 1st period - Marcus Foligno beats up Brenden Dillon.
3:42 of 1st period - Penalty to Marcus Foligno for Fighting.
3:42 of 1st period - Penalty to Brenden Dillon for Fighting.
3:43 of 1st period - Vincent Trocheck wins face-off versus Nico Hischier in Oilers zone.
3:46 of 1st period - Wrist shot by Nikita Gusev.
3:46 of 1st period - Stopped by Thomas Greiss without a rebound.
3:47 of 1st period - Nico Hischier wins face-off versus Vincent Trocheck in Oilers zone.
3:47 of 1st period - Nico Hischier is hit by Vincent Trocheck.
4:59 of 1st period - Snap shot by Sonny Milano.
4:59 of 1st period - Shot Blocked by Jonas Siegenthaler.
5:01 of 1st period - Snap shot by Nico Hischier.
5:01 of 1st period - Shot Blocked by Greg Pateryn.
5:22 of 1st period - Slapshot by Tyson Barrie.
5:22 of 1st period - Deflect By Brendan Smith.
5:22 of 1st period - Stopped by Thomas Greiss with a rebound.
5:41 of 1st period - Wrist shot by Evgeni Dadonov.
5:41 of 1st period - Stopped by Pekka Rinne without a rebound.
5:42 of 1st period - Vincent Trocheck wins face-off versus Nico Hischier in Panthers zone.
7:56 of 1st period - Greg Pateryn is hit by Brendan Smith and loses puck.
8:45 of 1st period - Wrist shot by Sam Gagner.
8:45 of 1st period - Shot Misses the Net.
9:16 of 1st period - Connor McDavid is hit by Patrik Nemeth and loses puck.
9:31 of 1st period - Minor Penalty to Connor McDavid for Tripping.
9:32 of 1st period - Travis Zajac wins face-off versus Tyler Motte in Oilers zone.
10:41 of 1st period - Jordan Oesterle is hit by Marcus Foligno and loses puck.
11:31 of 1st period - Penalty to Connor McDavid is over, Connor McDavid is back on ice.
12:08 of 1st period - Snap shot by Nico Hischier.
12:08 of 1st period - Deflect By Bobby Ryan.
12:08 of 1st period - Stopped by Pekka Rinne without a rebound.
12:09 of 1st period - Kyle Okposo wins face-off versus Jacob de La Rose in Panthers zone.
12:14 of 1st period - Wrist shot by Evgeni Dadonov.
12:14 of 1st period - Shot Misses the Net.
13:19 of 1st period - Wrist shot by Nico Hischier.
13:19 of 1st period - Stopped by Pekka Rinne without a rebound.
13:20 of 1st period - Jacob de La Rose wins face-off versus Connor McDavid in Panthers zone.
13:20 of 1st period - Jacob de La Rose is hit by Kevin Shattenkirk.
13:45 of 1st period - Off-side.
13:46 of 1st period - Nico Hischier wins face-off versus Taylor Hall in neutral zone.
13:55 of 1st period - Wrist shot by Nico Hischier.
13:55 of 1st period - Shot Blocked by Taylor Hall.
13:57 of 1st period - Backhand shot by Sonny Milano.
13:57 of 1st period - Goal by Sonny Milano - Oilers : 1 - Panthers : 1.
13:58 of 1st period - Travis Zajac wins face-off versus Nathan Gerbe in neutral zone.
14:00 of 1st period - Minor Penalty to Travis Zajac for High sticking.
14:01 of 1st period - Josh Norris wins face-off versus Connor McDavid in Panthers zone.
14:01 of 1st period - Josh Norris is hit by Kevin Shattenkirk.
14:28 of 1st period - Patrik Nemeth is hit by Kevin Shattenkirk and loses puck.
16:00 of 1st period - Penalty to Travis Zajac is over, Travis Zajac is back on ice.
16:01 of 1st period - Jamie Oleksiak is hit by Jordan Nolan and loses puck.
16:40 of 1st period - Nathan Gerbe is hit by Garnet Hathaway and loses puck.
17:29 of 1st period - Greg Pateryn is hit by Sonny Milano and loses puck.
17:53 of 1st period - Wrist shot by Josh Archibald.
17:53 of 1st period - Stopped by Thomas Greiss with a rebound.
18:10 of 1st period - Wrist shot by Tyler Motte.
18:10 of 1st period - Deflect By Sam Gagner.
18:10 of 1st period - Shot Misses the Net.
18:10 of 1st period - Puck is out of play.
18:11 of 1st period - Nico Hischier wins face-off versus Josh Norris in Panthers zone.
18:14 of 1st period - Snap shot by Sonny Milano.
18:14 of 1st period - Stopped by Pekka Rinne without a rebound.
18:15 of 1st period - Nico Hischier wins face-off versus Josh Norris in Panthers zone.
18:20 of 1st period - Snap shot by Garnet Hathaway.
18:20 of 1st period - Shot Misses the Net.
18:22 of 1st period - Slapshot by Patrik Nemeth.
18:22 of 1st period - Stopped by Thomas Greiss without a rebound.
18:23 of 1st period - Vincent Trocheck wins face-off versus Connor McDavid in Oilers zone.
18:28 of 1st period - Marcus Foligno is hit by Connor McDavid and loses puck.
18:33 of 1st period - Wrist shot by Connor McDavid.
18:33 of 1st period - Shot Blocked by Patrik Nemeth.
18:35 of 1st period - Slapshot by Jordan Oesterle.
18:35 of 1st period - Stopped by Pekka Rinne without a rebound.
18:36 of 1st period - Nico Hischier wins face-off versus Travis Zajac in Panthers zone.
19:01 of 1st period - Brenden Dillon is hit by Patrik Nemeth and loses puck.
19:32 of 1st period - Backhand shot by Matt Moulson.
19:32 of 1st period - Stopped by Thomas Greiss with a rebound.
19:34 of 1st period - Wrist shot by Jacob de La Rose.
19:34 of 1st period - Shot Misses the Net.
19:53 of 1st period - Wrist shot by Evgeni Dadonov.
19:53 of 1st period - Stopped by Pekka Rinne without a rebound.
19:54 of 1st period - Nico Hischier wins face-off versus Vincent Trocheck in Panthers zone.
19:55 of 1st period - Slapshot by Bobby Ryan.
19:55 of 1st period - Stopped by Pekka Rinne without a rebound.
19:56 of 1st period - Vincent Trocheck wins face-off versus Nico Hischier in Panthers zone.
Goals for this period are 1 for Oilers vs 1 for Panthers.
Shots for this period are 9 for Oilers vs 6 for Panthers.

2nd period


0:01 of 2nd period - Travis Zajac wins face-off versus Nico Hischier in neutral zone.
0:40 of 2nd period - Sonny Milano is hit by Josh Norris and loses puck.
0:55 of 2nd period - Snap shot by Brandon Montour.
0:55 of 2nd period - Stopped by Pekka Rinne with a rebound.
1:02 of 2nd period - Off-side.
1:03 of 2nd period - Travis Zajac wins face-off versus Sam Gagner in neutral zone.
1:35 of 2nd period - Snap shot by Vincent Trocheck.
1:35 of 2nd period - Stopped by Thomas Greiss without a rebound.
1:36 of 2nd period - Tomas Nosek wins face-off versus Vincent Trocheck in Oilers zone.
2:03 of 2nd period - Brenden Dillon is hit by Taylor Hall and loses puck.
2:27 of 2nd period - Slapshot by Nico Hischier.
2:27 of 2nd period - Stopped by Pekka Rinne with a rebound.
3:06 of 2nd period - Trevor Daley is hit by Brenden Dillon and loses puck.
3:17 of 2nd period - Tomas Nosek is hit by Jamie Oleksiak and loses puck.
3:35 of 2nd period - Wrist shot by Rocco Grimaldi.
3:35 of 2nd period - Stopped by Thomas Greiss with a rebound.
3:37 of 2nd period - Snap shot by Jacob de La Rose.
3:37 of 2nd period - Goal by Jacob de La Rose - Oilers : 1 - Panthers : 2.
3:38 of 2nd period - Nico Hischier wins face-off versus Travis Zajac in neutral zone.
3:53 of 2nd period - Snap shot by Taylor Hall.
3:53 of 2nd period - Shot Blocked by Nico Hischier.
4:23 of 2nd period - Off-side.
4:24 of 2nd period - Sam Gagner wins face-off versus Josh Norris in neutral zone.
5:04 of 2nd period - Wrist shot by Sam Gagner.
5:04 of 2nd period - Shot Misses the Net.
5:06 of 2nd period - Snap shot by Kevin Shattenkirk.
5:06 of 2nd period - Stopped by Pekka Rinne without a rebound.
5:07 of 2nd period - Connor McDavid wins face-off versus Travis Zajac in Panthers zone.
5:10 of 2nd period - Wrist shot by Evgeni Dadonov.
5:10 of 2nd period - Stopped by Pekka Rinne with a rebound.
5:12 of 2nd period - Snap shot by Christian Djoos.
5:12 of 2nd period - Shot Blocked by Greg Pateryn.
5:14 of 2nd period - Snap shot by Connor McDavid.
5:14 of 2nd period - Shot Blocked by Nikita Gusev.
5:19 of 2nd period - Icing by Taylor Hall.
5:20 of 2nd period - Nico Hischier wins face-off versus Travis Zajac in Panthers zone.
5:29 of 2nd period - Snap shot by Nico Hischier.
5:29 of 2nd period - Stopped by Pekka Rinne with a rebound.
5:41 of 2nd period - Slapshot by Nikita Gusev.
5:41 of 2nd period - Shot Misses the Net.
5:43 of 2nd period - Backhand shot by Travis Zajac.
5:43 of 2nd period - Goal by Travis Zajac - Oilers : 1 - Panthers : 3.
5:44 of 2nd period - Travis Zajac wins face-off versus Connor McDavid in neutral zone.
5:50 of 2nd period - Icing by Kevin Shattenkirk.
5:51 of 2nd period - Travis Zajac wins face-off versus Connor McDavid in Oilers zone.
6:00 of 2nd period - Snap shot by Taylor Hall.
6:00 of 2nd period - Shot Misses the Net.
6:02 of 2nd period - Minor Penalty to Brenden Dillon for Boarding.
6:03 of 2nd period - Travis Zajac wins face-off versus Tomas Nosek in Oilers zone.
6:04 of 2nd period - Snap shot by Taylor Hall.
6:04 of 2nd period - Stopped by Thomas Greiss with a rebound.
6:06 of 2nd period - Snap shot by Taylor Hall.
6:06 of 2nd period - Stopped by Thomas Greiss with a rebound.
6:08 of 2nd period - Snap shot by Taylor Hall.
6:08 of 2nd period - Goal by Taylor Hall - Oilers : 1 - Panthers : 4.
6:08 of 2nd period - Kaapo Kahkonen enters game.
6:09 of 2nd period - Travis Zajac wins face-off versus Nico Hischier in neutral zone.
6:34 of 2nd period - Jordan Oesterle is hit by Jonas Siegenthaler and loses puck.
7:03 of 2nd period - Snap shot by Garnet Hathaway.
7:03 of 2nd period - Stopped by Kaapo Kahkonen without a rebound.
7:04 of 2nd period - Travis Zajac wins face-off versus Sonny Milano in Oilers zone.
7:29 of 2nd period - Tyson Barrie is hit by Kevin Shattenkirk and loses puck.
7:40 of 2nd period - Snap shot by Tomas Nosek.
7:40 of 2nd period - Deflect By Jordan Nolan.
7:40 of 2nd period - Stopped by Pekka Rinne with a rebound.
7:42 of 2nd period - Snap shot by Nathan Gerbe.
7:42 of 2nd period - Stopped by Pekka Rinne with a rebound.
7:52 of 2nd period - Connor McDavid is hit by Garnet Hathaway and loses puck.
7:57 of 2nd period - Slapshot by Tyson Barrie.
7:57 of 2nd period - Shot Misses the Net.
7:59 of 2nd period - Backhand shot by Josh Archibald.
7:59 of 2nd period - Stopped by Kaapo Kahkonen without a rebound.
8:00 of 2nd period - Travis Zajac wins face-off versus Nico Hischier in Oilers zone.
8:03 of 2nd period - Snap shot by Taylor Hall.
8:03 of 2nd period - Stopped by Kaapo Kahkonen with a rebound.
10:01 of 2nd period - Garnet Hathaway is hit by Connor McDavid and loses puck.
10:07 of 2nd period - Minor Penalty to Brenden Dillon for Tripping.
10:08 of 2nd period - Travis Zajac wins face-off versus Tomas Nosek in Oilers zone.
10:12 of 2nd period - Wrist shot by Taylor Hall.
10:12 of 2nd period - Stopped by Kaapo Kahkonen with a rebound.
10:14 of 2nd period - Slapshot by Jonas Siegenthaler.
10:14 of 2nd period - Shot Misses the Net.
10:16 of 2nd period - Wrist shot by Taylor Hall.
10:16 of 2nd period - Shot Misses the Net.
10:18 of 2nd period - Snap shot by Travis Zajac.
10:18 of 2nd period - Shot Blocked by Brandon Montour.
10:20 of 2nd period - Slapshot by Jonas Siegenthaler.
10:20 of 2nd period - Stopped by Kaapo Kahkonen without a rebound.
10:21 of 2nd period - Sam Gagner wins face-off versus Taylor Hall in Oilers zone.
10:50 of 2nd period - Wrist shot by Vincent Trocheck.
10:50 of 2nd period - Stopped by Kaapo Kahkonen without a rebound.
10:51 of 2nd period - Travis Zajac wins face-off versus Sam Gagner in Oilers zone.
10:52 of 2nd period - Snap shot by Taylor Hall.
10:52 of 2nd period - Deflect By Nikita Gusev.
10:52 of 2nd period - Stopped by Kaapo Kahkonen with a rebound.
11:14 of 2nd period - Greg Pateryn is hit by Brandon Montour and loses puck.
12:07 of 2nd period - Penalty to Brenden Dillon is over, Brenden Dillon is back on ice.
12:14 of 2nd period - Wrist shot by Brenden Dillon.
12:14 of 2nd period - Stopped by Pekka Rinne without a rebound.
12:15 of 2nd period - Vincent Trocheck wins face-off versus Nico Hischier in Panthers zone.
13:57 of 2nd period - Wrist shot by Mats Zuccarello.
13:57 of 2nd period - Shot Blocked by Brendan Smith.
14:40 of 2nd period - Nico Hischier is hit by Jonas Siegenthaler and loses puck.
14:44 of 2nd period - Icing by Brendan Smith.
14:45 of 2nd period - Nico Hischier wins face-off versus Travis Zajac in Oilers zone.
14:45 of 2nd period - Nico Hischier is hit by Taylor Hall.
15:01 of 2nd period - Snap shot by Sonny Milano.
15:01 of 2nd period - Shot Misses the Net.
15:03 of 2nd period - Slapshot by Brendan Smith.
15:03 of 2nd period - Shot Misses the Net.
15:05 of 2nd period - Wrist shot by Bobby Ryan.
15:05 of 2nd period - Stopped by Pekka Rinne with a rebound.
15:07 of 2nd period - Wrist shot by Bobby Ryan.
15:07 of 2nd period - Shot Blocked by Greg Pateryn.
15:11 of 2nd period - Wrist shot by Nico Hischier.
15:11 of 2nd period - Shot Misses the Net.
15:13 of 2nd period - Slapshot by Brendan Smith.
15:13 of 2nd period - Shot Misses the Net.
15:15 of 2nd period - Slapshot by Brandon Montour.
15:15 of 2nd period - Stopped by Pekka Rinne with a rebound.
15:17 of 2nd period - Wrist shot by Bobby Ryan.
15:17 of 2nd period - Shot Misses the Net.
15:19 of 2nd period - Wrist shot by Brandon Montour.
15:19 of 2nd period - Shot Blocked by Nikita Gusev.
15:21 of 2nd period - Wrist shot by Nico Hischier.
15:21 of 2nd period - Stopped by Pekka Rinne with a rebound.
15:23 of 2nd period - Slapshot by Brendan Smith.
15:23 of 2nd period - Stopped by Pekka Rinne with a rebound.
15:25 of 2nd period - Snap shot by Nico Hischier.
15:25 of 2nd period - Stopped by Pekka Rinne with a rebound.
15:27 of 2nd period - Snap shot by Sonny Milano.
15:27 of 2nd period - Stopped by Pekka Rinne with a rebound.
15:29 of 2nd period - Slapshot by Brandon Montour.
15:29 of 2nd period - Stopped by Pekka Rinne with a rebound.
15:31 of 2nd period - Wrist shot by Sonny Milano.
15:31 of 2nd period - Stopped by Pekka Rinne without a rebound.
15:32 of 2nd period - Vincent Trocheck wins face-off versus Connor McDavid in Panthers zone.
15:38 of 2nd period - Icing by Vincent Trocheck.
15:39 of 2nd period - Vincent Trocheck wins face-off versus Connor McDavid in Panthers zone.
15:41 of 2nd period - Icing by Mats Zuccarello.
15:42 of 2nd period - Connor McDavid wins face-off versus Vincent Trocheck in Panthers zone.
16:02 of 2nd period - Slapshot by Connor McDavid.
16:02 of 2nd period - Shot Blocked by Patrik Nemeth.
16:04 of 2nd period - Slapshot by Christian Djoos.
16:04 of 2nd period - Shot Misses the Net.
16:06 of 2nd period - Snap shot by Connor McDavid.
16:06 of 2nd period - Stopped by Pekka Rinne with a rebound.
16:08 of 2nd period - Slapshot by Christian Djoos.
16:08 of 2nd period - Deflect By Connor McDavid.
16:08 of 2nd period - Shot Blocked by Vincent Trocheck.
16:08 of 2nd period - Puck is out of play.
16:09 of 2nd period - Travis Zajac wins face-off versus Tomas Nosek in Panthers zone.
16:20 of 2nd period - Snap shot by Nikita Gusev.
16:20 of 2nd period - Shot Misses the Net.
16:22 of 2nd period - Wrist shot by Greg Pateryn.
16:22 of 2nd period - Stopped by Kaapo Kahkonen with a rebound.
16:24 of 2nd period - Slapshot by Greg Pateryn.
16:24 of 2nd period - Shot Blocked by Brenden Dillon.
16:36 of 2nd period - Josh Norris is hit by Sonny Milano and loses puck.
17:01 of 2nd period - Minor Penalty to Kyle Okposo for Hooking.
17:02 of 2nd period - Travis Zajac wins face-off versus Sam Gagner in Oilers zone.
17:18 of 2nd period - Snap shot by Taylor Hall.
17:18 of 2nd period - Stopped by Kaapo Kahkonen with a rebound.
17:28 of 2nd period - Vincent Trocheck is hit by Brendan Smith and loses puck.
17:33 of 2nd period - Snap shot by Tyler Motte.
17:33 of 2nd period - Goal by Tyler Motte - Oilers : 2 - Panthers : 4.
17:34 of 2nd period - Travis Zajac wins face-off versus Tomas Nosek in neutral zone.
17:49 of 2nd period - Slapshot by Nikita Gusev.
17:49 of 2nd period - Shot Misses the Net.
18:04 of 2nd period - Snap shot by Mats Zuccarello.
18:04 of 2nd period - Shot Misses the Net.
18:06 of 2nd period - Slapshot by Jonas Siegenthaler.
18:06 of 2nd period - Deflect By Marcus Foligno.
18:06 of 2nd period - Shot Blocked by Jordan Oesterle.
18:06 of 2nd period - Jordan Oesterle from Oilers is injured at 18:06 of 2nd period (Broken Bone (Right Leg)).
18:07 of 2nd period - Adam Erne wins face-off versus Travis Zajac in Oilers zone.
18:14 of 2nd period - Travis Zajac is hit by Sam Gagner.
18:22 of 2nd period - Snap shot by Taylor Hall.
18:22 of 2nd period - Shot Misses the Net.
18:34 of 2nd period - Brandon Montour is hit by Mats Zuccarello and loses puck.
19:01 of 2nd period - Penalty to Kyle Okposo is over, Kyle Okposo is back on ice.
19:11 of 2nd period - Wrist shot by Kyle Okposo.
19:11 of 2nd period - Shot Misses the Net.
19:13 of 2nd period - Snap shot by Brenden Dillon.
19:13 of 2nd period - Shot Misses the Net.
19:15 of 2nd period - Slapshot by Brenden Dillon.
19:15 of 2nd period - Stopped by Pekka Rinne without a rebound.
19:16 of 2nd period - Nico Hischier wins face-off versus Vincent Trocheck in Panthers zone.
19:41 of 2nd period - Evgeni Dadonov is hit by Josh Norris and loses puck.
19:48 of 2nd period - Slapshot by Tyson Barrie.
19:48 of 2nd period - Stopped by Kaapo Kahkonen with a rebound.
19:50 of 2nd period - Snap shot by Garnet Hathaway.
19:50 of 2nd period - Stopped by Kaapo Kahkonen with a rebound.
19:52 of 2nd period - Slapshot by Josh Archibald.
19:52 of 2nd period - Stopped by Kaapo Kahkonen with a rebound.
Goals for this period are 1 for Oilers vs 3 for Panthers.
Shots for this period are 19 for Oilers vs 19 for Panthers.

3rd period


0:01 of 3rd period - Tomas Nosek wins face-off versus Travis Zajac in neutral zone.
0:04 of 3rd period - Slapshot by Brandon Montour.
0:04 of 3rd period - Stopped by Pekka Rinne without a rebound.
0:05 of 3rd period - Travis Zajac wins face-off versus Tomas Nosek in Panthers zone.
1:35 of 3rd period - Wrist shot by Kevin Shattenkirk.
1:35 of 3rd period - Stopped by Pekka Rinne without a rebound.
1:36 of 3rd period - Jacob de La Rose wins face-off versus Sam Gagner in Panthers zone.
1:36 of 3rd period - Jacob de La Rose is hit by Tyler Motte.
1:50 of 3rd period - Jacob de La Rose is hit by Sam Gagner and loses puck.
2:10 of 3rd period - Trevor Daley is hit by Adam Erne and loses puck.
2:28 of 3rd period - Wrist shot by Matt Moulson.
2:28 of 3rd period - Shot Misses the Net.
2:36 of 3rd period - Sam Gagner is hit by Matt Moulson and loses puck.
2:45 of 3rd period - Slapshot by Brendan Smith.
2:45 of 3rd period - Deflect By Tyler Motte.
2:45 of 3rd period - Stopped by Pekka Rinne with a rebound.
2:51 of 3rd period - Wrist shot by Jacob de La Rose.
2:51 of 3rd period - Stopped by Kaapo Kahkonen without a rebound.
2:52 of 3rd period - Travis Zajac wins face-off versus Nico Hischier in Oilers zone.
3:05 of 3rd period - Nikita Gusev is hit by Bobby Ryan and loses puck.
3:18 of 3rd period - Kyle Okposo is hit by Vincent Trocheck and loses puck.
4:33 of 3rd period - Garnet Hathaway is hit by Sonny Milano and loses puck.
4:57 of 3rd period - Backhand shot by Tyson Barrie.
4:57 of 3rd period - Deflect By Josh Norris.
4:57 of 3rd period - Stopped by Kaapo Kahkonen with a rebound.
4:59 of 3rd period - Slapshot by Tyson Barrie.
4:59 of 3rd period - Deflect By Christian Djoos.
4:59 of 3rd period - Stopped by Kaapo Kahkonen with a rebound.
5:01 of 3rd period - Slapshot by Tyson Barrie.
5:01 of 3rd period - Shot Misses the Net.
5:06 of 3rd period - Wrist shot by Josh Norris.
5:06 of 3rd period - Stopped by Kaapo Kahkonen with a rebound.
5:08 of 3rd period - Wrist shot by Josh Archibald.
5:08 of 3rd period - Deflect By Josh Norris.
5:08 of 3rd period - Stopped by Kaapo Kahkonen with a rebound.
5:24 of 3rd period - Josh Norris is hit by Brandon Montour and loses puck.
5:40 of 3rd period - Snap shot by Evgeni Dadonov.
5:40 of 3rd period - Stopped by Pekka Rinne without a rebound.
5:41 of 3rd period - Travis Zajac wins face-off versus Nico Hischier in Panthers zone.
6:30 of 3rd period - Snap shot by Tyler Motte.
6:30 of 3rd period - Stopped by Pekka Rinne with a rebound.
6:52 of 3rd period - Trevor Daley is hit by Kevin Shattenkirk and loses puck.
8:05 of 3rd period - Minor Penalty to Brenden Dillon for Hooking.
8:06 of 3rd period - Travis Zajac wins face-off versus Sam Gagner in Oilers zone.
8:10 of 3rd period - Snap shot by Nikita Gusev.
8:10 of 3rd period - Shot Misses the Net.
8:12 of 3rd period - Snap shot by Nikita Gusev.
8:12 of 3rd period - Shot Misses the Net.
8:14 of 3rd period - Snap shot by Nikita Gusev.
8:14 of 3rd period - Goal by Nikita Gusev - Oilers : 2 - Panthers : 5.
8:15 of 3rd period - Nico Hischier wins face-off versus Travis Zajac in neutral zone.
8:24 of 3rd period - Snap shot by Sonny Milano.
8:24 of 3rd period - Deflect By Nico Hischier.
8:24 of 3rd period - Shot Misses the Net.
8:24 of 3rd period - Puck is out of play.
8:25 of 3rd period - Travis Zajac wins face-off versus Nico Hischier in Panthers zone.
8:25 of 3rd period - Travis Zajac is hit by Nico Hischier.
8:45 of 3rd period - Snap shot by Nikita Gusev.
8:45 of 3rd period - Shot Misses the Net.
8:59 of 3rd period - Snap shot by Nico Hischier.
8:59 of 3rd period - Shot Misses the Net.
9:01 of 3rd period - Wrist shot by Bobby Ryan.
9:01 of 3rd period - Shot Misses the Net.
9:07 of 3rd period - Wrist shot by Nico Hischier.
9:07 of 3rd period - Shot Blocked by Patrik Nemeth.
9:09 of 3rd period - Wrist shot by Nico Hischier.
9:09 of 3rd period - Shot Misses the Net.
9:11 of 3rd period - Backhand shot by Sonny Milano.
9:11 of 3rd period - Shot Misses the Net.
9:13 of 3rd period - Slapshot by Brenden Dillon.
9:13 of 3rd period - Shot Blocked by Patrik Nemeth.
9:15 of 3rd period - Slapshot by Kevin Shattenkirk.
9:15 of 3rd period - Shot Blocked by Tyson Barrie.
9:17 of 3rd period - Slapshot by Sonny Milano.
9:17 of 3rd period - Shot Blocked by Nikita Gusev.
9:31 of 3rd period - Slapshot by Nico Hischier.
9:31 of 3rd period - Stopped by Pekka Rinne with a rebound.
9:33 of 3rd period - Slapshot by Kevin Shattenkirk.
9:33 of 3rd period - Stopped by Pekka Rinne without a rebound.
9:34 of 3rd period - Vincent Trocheck wins face-off versus Kyle Okposo in Panthers zone.
9:34 of 3rd period - Vincent Trocheck is hit by Kyle Okposo.
9:50 of 3rd period - Slapshot by Mats Zuccarello.
9:50 of 3rd period - Stopped by Kaapo Kahkonen with a rebound.
10:31 of 3rd period - Garnet Hathaway is hit by Sam Gagner and loses puck.
10:44 of 3rd period - Slapshot by Josh Norris.
10:44 of 3rd period - Stopped by Kaapo Kahkonen with a rebound.
10:46 of 3rd period - Wrist shot by Josh Archibald.
10:46 of 3rd period - Shot Misses the Net.
10:48 of 3rd period - Snap shot by Garnet Hathaway.
10:48 of 3rd period - Stopped by Kaapo Kahkonen with a rebound.
11:42 of 3rd period - Snap shot by Vincent Trocheck.
11:42 of 3rd period - Stopped by Kaapo Kahkonen without a rebound.
11:43 of 3rd period - Vincent Trocheck wins face-off versus Nico Hischier in Oilers zone.
12:11 of 3rd period - Patrik Nemeth is hit by Kevin Shattenkirk and loses puck.
13:24 of 3rd period - Icing by Sonny Milano.
13:25 of 3rd period - Nico Hischier wins face-off versus Jacob de La Rose in Oilers zone.
13:30 of 3rd period - Slapshot by Brandon Montour.
13:30 of 3rd period - Shot Misses the Net.
13:40 of 3rd period - Wrist shot by Jacob de La Rose.
13:40 of 3rd period - Stopped by Kaapo Kahkonen with a rebound.
14:12 of 3rd period - Snap shot by Tyler Motte.
14:12 of 3rd period - Shot Misses the Net.
14:14 of 3rd period - Slapshot by Brenden Dillon.
14:14 of 3rd period - Shot Blocked by Nikita Gusev.
14:16 of 3rd period - Slapshot by Brenden Dillon.
14:16 of 3rd period - Shot Blocked by Taylor Hall.
14:18 of 3rd period - Snap shot by Sam Gagner.
14:18 of 3rd period - Deflect By Adam Erne.
14:18 of 3rd period - Shot Blocked by Travis Zajac.
14:18 of 3rd period - Puck is out of play.
14:19 of 3rd period - Vincent Trocheck wins face-off versus Connor McDavid in Panthers zone.
14:32 of 3rd period - Snap shot by Evgeni Dadonov.
14:32 of 3rd period - Goal by Evgeni Dadonov - Oilers : 3 - Panthers : 5.
14:33 of 3rd period - Travis Zajac wins face-off versus Connor McDavid in neutral zone.
14:38 of 3rd period - Snap shot by Nikita Gusev.
14:38 of 3rd period - Stopped by Kaapo Kahkonen without a rebound.
14:39 of 3rd period - Travis Zajac wins face-off versus Connor McDavid in Oilers zone.
14:40 of 3rd period - Wrist shot by Taylor Hall.
14:40 of 3rd period - Stopped by Kaapo Kahkonen with a rebound.
16:05 of 3rd period - Patrik Nemeth is hit by Christian Djoos and loses puck.
16:24 of 3rd period - Josh Archibald is hit by Nico Hischier and loses puck.
16:33 of 3rd period - Snap shot by Nico Hischier.
16:33 of 3rd period - Stopped by Pekka Rinne with a rebound.
17:25 of 3rd period - Off-side.
17:26 of 3rd period - Travis Zajac wins face-off versus Connor McDavid in neutral zone.
17:56 of 3rd period - Greg Pateryn is hit by Jordan Nolan and loses puck.
18:15 of 3rd period - Icing by Sam Gagner.
18:16 of 3rd period - Sam Gagner wins face-off versus Vincent Trocheck in Oilers zone.
18:36 of 3rd period - Slapshot by Mats Zuccarello.
18:36 of 3rd period - Deflect By Vincent Trocheck.
18:36 of 3rd period - Shot Blocked by Sam Gagner.
18:36 of 3rd period - Puck is out of play.
18:37 of 3rd period - Tomas Nosek wins face-off versus Josh Norris in Oilers zone.
18:52 of 3rd period - Slapshot by Kevin Shattenkirk.
18:52 of 3rd period - Stopped by Pekka Rinne with a rebound.
19:26 of 3rd period - Icing by Travis Zajac.
19:27 of 3rd period - Travis Zajac wins face-off versus Evgeni Dadonov in Panthers zone.
19:27 of 3rd period - Travis Zajac is hit by Connor McDavid.
Goals for this period are 1 for Oilers vs 1 for Panthers.
Shots for this period are 10 for Oilers vs 13 for Panthers. Output by the SimonT Hockey Simulator (STHS) for Alexandre Lamarre - Original Page W3C HTML5 Valid
Hockey Simulator - Hockey Simulation - Hockey Manager